 Dungeon Crawl Stone Soup version 0.21-a0-414-gba8bdf1 (webtiles) character file.

72 tof the Slasher (level 4, -9/40 HPs)
             Began as a Minotaur Monk on Nov 2, 2017.
             Mangled by an orc warrior
             ... wielding a +0 long sword
              (14 damage)
             ... on level 2 of the Dungeon.
             The game lasted 00:02:23 (1222 turns).

tof the Slasher (Minotaur Monk)                     Turns: 1222, Time: 00:02:24

Health: -9/40      AC:  6    Str: 21    XL:     4   Next: 6%
Magic:  3/3        EV: 12    Int:  7    God:
Gold:   105        SH:  0    Dex: 13    Spells: 3/3 levels left

rFire    . . .     SeeInvis .   a - +0 falchion
rCold    . . .     Gourm    .   (no shield)
rNeg     . . .     Faith    .   o - +0 ring mail
rPois    .         Spirit   .   (helmet restricted)
rElec    .         Reflect  .   (no cloak)
rCorr    .         Harm     .   l - +0 pair of gloves
MR       .....                  (no boots)
Stlth    +.........             k - amulet of regeneration
HPRegen  0.53/turn              (no ring)
MPRegen  0.08/turn              (no ring)

@: mighty, slowed, very slow
A: retaliatory headbutt, horns 2
a: no special abilities


You were on level 2 of the Dungeon.
You were not hungry.

You visited 1 branch of the dungeon, and saw 2 of its levels.

You collected 105 gold pieces.

Inventory:

Hand Weapons
 a - a +0 falchion (weapon)
Armour
 l - a +0 pair of gloves (worn)
 o - a +0 ring mail (worn)
Jewellery
 k - an amulet of regeneration (around neck)
Scrolls
 b - 2 scrolls of recharging {unknown}
 d - a scroll of blinking {unknown}
 g - a scroll of enchant weapon {unknown}
 j - a scroll of identify {unknown}
Potions
 h - a potion of might
Comestibles
 c - 3 bread rations
 f - a fruit
 i - 2 meat rations
 m - 2 chunks of flesh


   Skills:
 + Level 4.1 Fighting
 * Level 4.5 Long Blades
 + Level 1.2 Throwing
 + Level 1.6 Armour
 + Level 3.7 Dodging
 - Level 1.5 Stealth


You had 3 spell levels left.
You didn't know any spells.

Dungeon Overview and Level Annotations

Branches:
Dungeon (2/15)

Altars:
Nemelex Xobeh


Innate Abilities, Weirdness & Mutations

You reflexively headbutt those who attack you in melee.
You have a pair of horns on your head.


Message History

The orc warrior is heavily wounded.
The orc barely misses you. You furiously retaliate!
You headbutt the orc. The orc warrior misses you. You furiously retaliate!
You headbutt the orc warrior, but do no damage.
You riposte.
You barely miss the orc warrior.
The orc warrior is heavily wounded.
The orc barely misses you. You furiously retaliate!
You headbutt the orc.
It was a potion of curing.
You feel better. The orc hits you with a hand axe.
* * * LOW HITPOINT WARNING * * *
The orc warrior barely misses you.
It was a potion of might.
You feel very mighty all of a sudden. The orc hits you with a hand axe.
* * * LOW HITPOINT WARNING * * *
The orc warrior barely misses you.
You slash the orc warrior!
The orc warrior is almost dead.
The orc hits you but does no damage.
The orc warrior hits you with a long sword!
You die...

#(# #..####..## #.#
##.......... #####†#
#...........
#....(######....####.##
#..#.†.(.†...........#.
# #....######...######.
#..#........##..........
#....oo###.##.#.#####..
##...#@# ...........
##.##)# ###.####### #.
#.# #. #.# ##.# # #. #.#
#..# # #.# ###..#### #
#.# ........#### #.#
###.........
............


You could see an orc warrior and an orc.

Vanquished Creatures
  An orc wizard (D:2)
  2 oozes
  A dart slug (D:2)
  2 leopard geckos (D:2)
  5 bats
  4 goblins
  4 hobgoblins
  5 frilled lizards
  3 kobolds
  6 rats
33 creatures vanquished.

Notes
Turn   | Place    | Note
-------+----------+-------------------------------------------
     0 | D:1      | tof the Minotaur Monk began the quest for the Orb.
     0 | D:1      | Reached XP level 1. HP: 19/19 MP: 0/0
   111 | D:1      | Reached XP level 2. HP: 26/27 MP: 1/1
   255 | D:1      | Reached skill level 1 in Armour
   539 | D:1      | Found a sparkling altar of Nemelex Xobeh.
  1056 | D:2      | Reached XP level 3. HP: 33/33 MP: 2/2
  1199 | D:2      | Noticed an orc warrior
  1219 | D:2      | Reached skill level 1 in Throwing
  1219 | D:2      | Reached XP level 4. HP: 3/40 MP: 3/3
  1222 | D:2      | Mangled by an orc warrior

Vault maps used:
D:1:      lightli_arrival_statuegarden, nemelex_diamond_rough_becter

Skill      XL: |  1  2  3 |
---------------+----------+-----
Armour         | 1 |  1.6
Long Blades    | 4 |  4.5
Fighting       | 4 |  4.1
Throwing       | 1 |  1.2
Dodging        | |  3.7
Stealth        | |  1.5

Action                   |  1- 3 |  4- 6 || total
-------------------------+-------+-------++-------
Melee: Falchion          |    67 |     1 ||    68
       Headbutt          |     6 |       ||     6
  Use: Potion            |       |     2 ||     2
 Stab: Sleeping          |     4 |       ||     4
  Eat: Chunk             |     1 |       ||     1
Armor: Robe              |     6 |       ||     6
       Ring mail         |     5 |     1 ||     6
Dodge: Dodged            |    49 |     6 ||    55
       Rpst.: Falchion   |    17 |     2 ||    19

Table legend:
 A = Spawn XP
 B = Non-spawn XP
 C = Spawn XP percentage of total XP
 D = Spawn monster count
 E = Non-spawn monster count
 F = Spawn count percentage of total count
 G = Total turns spent on level
                    A         B        C        D         E        F      G
               +---------+---------+-------+---------+---------+-------+---------
         Total |       0 |     103 |   0.0 |       0 |      33 |   0.0 |  1222
               +---------+---------+-------+---------+---------+-------+---------
           D:1 |       0 |      31 |   0.0 |       0 |      18 |   0.0 |   970
           D:2 |       0 |      72 |   0.0 |       0 |      15 |   0.0 |   252
               +---------+---------+-------+---------+---------+-------+---------
